Map: Nightscape LE

Players

qqq - Winner!

  • Race: Zerg Zerg

Massa - Winner!

  • Race: Terran Terran
  • League: Platinum

Kraynor

  • Race: Zerg Zerg

Kaya

  • Race: Protoss Protoss

VOD

Have the link to the VOD?

Description

Time

  • Played on: April 10, 2021, 5:51 p.m.
  • Length: 21:22
Show
View Real Time Build Order
Export as new Build Order

qqq Zerg - Winner!

Build Orders: Hatch First 

Get SALT Encoding   

  12  0:05  Drone  
  13  0:18  Drone  
  13  0:19  Overlord  
  14  0:46  Hatchery  
  13  1:01  Spawning Pool  
  13  1:03  Extractor  
  11  1:06  Drone  
  12  1:12  Drone  
  12  1:17  Drone  
  14  1:21  Drone  
  15  1:29  Drone  
  17  1:40  Drone  
  17  1:53  Drone  
  18  1:58  Queen  
  20  2:02  Queen  
  22  2:08  Metabolic Boost  
  22  2:13  Zergling x2  
  23  2:16  Zergling x2  
  23  2:19  Zergling x2  
  25  2:23  Zergling x2  
  25  2:29  Overlord  
  26  2:33  Drone  
  26  2:37  Zergling x2  
  28  2:50  Drone  
  29  2:51  Drone  
  29  2:52  Zergling x2  
  29  2:53  Zergling x2  
  32  3:08  Zergling x6  
  34  3:15  Queen  
  35  3:28  Overlord x3  
  35  3:45  Overlord  
  35  3:47  Zergling x2  
  37  3:48  Zergling x2  
  37  3:51  Queen  
  29  4:17  Spine Crawler  
  29  4:19  Drone x2, Spine Crawler, Zergling x6  
  29  4:20  Zergling x2  
  31  4:33  Zergling x4  
  26  4:52  Queen  
  28  4:59  Zergling x2  
  29  5:00  Drone  
  29  5:01  Hatchery  
  29  5:13  Spore Crawler  
  28  5:14  Drone  
  28  5:15  Drone  
  30  5:29  Lair  
  30  5:34  Zergling x4  
  32  5:44  Drone  
  32  5:45  Drone x2, Baneling Nest  
  34  5:52  Zergling x2  
  35  6:09  Zergling x2  
  35  6:15  Spore Crawler  
  35  6:16  Queen  
  36  6:21  Zergling x8  
  36  6:24  Drone  
  41  6:31  Baneling x3  
  41  6:32  Baneling x3  
  41  6:34  Baneling x3  
  41  6:35  Baneling  
  41  6:37  Drone  
  42  6:40  Drone  
  42  6:46  Overlord  
  43  6:50  Overlord  
  43  7:07  Spire  
  42  7:08  Drone x2  
  42  7:09  Drone, Extractor  
  42  7:12  Drone  
  45  7:18  Drone x2  
  47  7:35  Drone  
  48  7:41  Zergling x2  
  48  7:42  Overlord  
  49  7:45  Drone  
  49  7:47  Hatchery  
  49  7:57  Drone, Zergling x4  
  49  7:58  Drone  
  43  8:21  Mutalisk x3, Zergling x4  
  43  8:22  Mutalisk x2  
  43  8:26  Drone  
  56  8:34  Zergling x4  
  55  8:54  Corruptor x2  
  57  9:05  Drone x4  
  57  9:08  Corruptor  
  63  9:10  Drone x2  
  65  9:19  Drone x2  
  69  9:24  Corruptor  
  71  9:37  Extractor  
  71  9:38  Extractor  
  67  9:48  Spore Crawler  
  52  9:56  Corruptor  
  46  10:14  Corruptor  
  46  10:15  Corruptor  
  50  10:25  Corruptor  
  52  10:31  Drone x3  
  52  10:33  Zergling x10  
  60  10:47  Mutalisk x2  
  64  10:56  Zerg Flyer Armor Level 1  
  64  10:57  Zergling x8  
  64  11:02  Overlord  
  68  11:10  Spore Crawler  
  67  11:12  Spore Crawler  
  67  11:17  Mutalisk  
  68  11:20  Overlord  
  68  11:28  Spore Crawler  
  68  11:29  Mutalisk  
  68  11:31  Infestation Pit  
  68  11:38  Mutalisk  
  70  11:48  Hatchery  
  70  11:49  Corruptor  
  70  11:53  Corruptor  
  73  11:55  Hatchery  
  72  12:10  Corruptor  
  72  12:11  Mutalisk  
  74  12:38  Mutalisk  
  74  12:41  Baneling x3  
  74  12:43  Hive  
  76  12:46  Drone x2  
  76  12:47  Drone x6  
  76  12:48  Overlord x3  
  84  12:52  Baneling x4  
  84  12:53  Baneling  
  84  12:54  Baneling  
  84  12:55  Baneling  
  83  13:06  Zerg Flyer Weapons Level 1  
  83  13:13  Corruptor  
  83  13:15  Overlord  
  83  13:16  Drone  
  83  13:17  Drone  
  87  13:23  Spore Crawler  
  86  13:28  Extractor x2, Spore Crawler  
  86  13:31  Corruptor  
  85  13:36  Drone x2  
  72  13:49  Corruptor  
  72  13:50  Corruptor  
  70  13:58  Corruptor  
  67  14:08  Viper  
  58  14:10  Drone x5  
  58  14:14  Spore Crawler  
  62  14:18  Spore Crawler  
  62  14:20  Spore Crawler  
  62  14:22  Spore Crawler  
  59  14:24  Spore Crawler  
  54  14:32  Corruptor  
  54  14:33  Corruptor  
  56  14:44  Corruptor  
  46  14:54  Viper  
  46  14:58  Drone x2  
  46  14:59  Drone  
  52  15:01  Spore Crawler  
  51  15:15  Corruptor x2  
  51  15:17  Drone x3  
  58  15:27  Spore Crawler  
  57  15:31  Viper  
  57  15:33  Drone  
  61  15:36  Drone x2  
  61  15:40  Drone  
  61  15:41  Extractor  
  61  15:42  Drone  
  64  15:45  Drone  
  64  15:47  Drone  
  66  15:52  Mutalisk  
  66  15:56  Mutalisk  
  70  16:08  Mutalisk  
  70  16:09  Mutalisk  
  74  16:16  Drone x3  
  77  16:24  Spore Crawler x2  
  75  16:25  Mutalisk  
  77  16:33  Zerg Flyer Weapons Level 2  
  77  16:40  Mutalisk  
  77  16:42  Drone x5  
  84  16:54  Mutalisk  
  84  16:55  Mutalisk  
  88  17:05  Mutalisk  
  89  17:22  Corruptor x2  
  93  17:24  Corruptor  
  93  17:25  Hatchery  
  93  17:29  Drone x3  
  80  17:40  Viper  
  72  17:46  Corruptor  
  72  17:48  Drone x7  
  77  18:01  Viper  
  77  18:02  Zergling x2  
  77  18:03  Zergling x4  
  83  18:13  Drone x4  
  87  18:27  Drone  
  87  18:28  Drone x3  
  91  18:49  Zerg Flyer Armor Level 2  
  91  18:55  Corruptor x3  
  93  18:56  Mutalisk x2  
  93  18:57  Zergling x2  
  93  18:58  Drone x2, Zergling x4  
  93  19:02  Extractor x2, Spine Crawler  
  104  19:03  Spore Crawler  
  104  19:06  Spore Crawler  
  101  19:16  Drone x3  
  104  19:21  Mutalisk x3  
  110  19:31  Corruptor x2  
  110  19:33  Drone x4  
  110  19:34  Zergling x2  
  119  20:01  Overlord x4  
  119  20:02  Overlord x6  
  119  20:16  Spine Crawler  
  119  20:17  Spine Crawler  
  117  20:36  Mutalisk x3  
  117  20:37  Drone  
  117  20:38  Drone x2, Overlord x2  
  117  20:39  Zergling x8  
  130  20:50  Spire  
  120  21:21  Hatchery  
Show
View Real Time Build Order
Export as new Build Order

Massa Terran - Winner!

Build Orders:  

Get SALT Encoding   

  12  0:01  SCV  
  13  0:13  SCV  
  14  0:22  Supply Depot  
  14  0:25  SCV  
  15  0:38  Refinery  
  15  0:44  SCV  
  15  0:45  Barracks  
  16  0:56  SCV  
  17  1:05  Barracks  
  18  1:11  SCV  
  18  1:15  Refinery  
  18  1:32  Reaper  
  19  1:34  Supply Depot  
  19  1:41  Orbital Command  
  19  1:52  Reaper  
  20  2:04  Reaper  
  21  2:17  SCV  
  22  2:24  Reaper  
  23  2:36  Reaper, SCV  
  25  2:50  Command Center  
  25  2:54  SCV  
  25  2:56  Reaper  
  27  3:08  Reaper, Factory  
  24  3:49  Marine x2  
  24  3:52  Factory Tech Lab  
  24  4:03  Orbital Command  
  24  4:06  Marine  
  24  4:07  Marine  
  24  4:08  SCV, Engineering Bay  
  27  4:17  Cyclone  
  27  4:19  Mag-Field Accelerator  
  27  4:20  SCV  
  31  4:24  Marine  
  31  4:27  Marine  
  31  4:30  SCV  
  34  4:32  SCV  
  35  4:42  SCV  
  35  4:44  SCV  
  35  4:45  Marine, Terran Infantry Weapons Level 1  
  38  4:49  Cyclone, Missile Turret  
  38  4:52  Missile Turret  
  41  4:54  SCV  
  41  4:56  Barracks  
  42  5:01  Barracks  
  42  5:20  Barracks Tech Lab  
  41  5:26  Barracks Reactor  
  41  5:28  Cyclone  
  44  5:29  SCV x2  
  46  5:38  Bunker  
  46  5:39  Stimpack  
  46  5:48  Supply Depot x2  
  46  5:49  Barracks Reactor  
  46  5:51  Barracks Tech Lab  
  46  6:09  SCV x2, Marine, Cyclone  
  52  6:12  Marine  
  52  6:13  Marine x2  
  52  6:14  Supply Depot  
  55  6:20  Refinery  
  55  6:21  SCV x2  
  55  6:24  Missile Turret  
  57  6:27  Marine  
  57  6:30  Refinery, Marine x3  
  57  6:31  Marine  
  62  6:36  SCV x2, Marine  
  65  6:40  Terran Infantry Armor Level 1  
  65  6:42  Supply Depot, Combat Shield  
  65  6:43  Supply Depot  
  65  6:45  Marine  
  66  6:48  SCV, Marine x3  
  70  7:04  Marauder, Marine x2  
  70  7:07  Marauder  
  76  7:12  Cyclone  
  79  7:17  SCV x2  
  79  7:19  Concussive Shells  
  81  7:29  SCV, Command Center  
  79  8:28  Marauder x2, Marine x3  
  86  8:40  Marine  
  86  8:41  Cyclone  
  90  8:46  Marine  
  73  8:49  Marauder  
  73  8:54  Marauder, Marine x2  
  59  8:58  Marine  
  59  9:03  Marine  
  60  9:11  Marauder  
  60  9:12  Marine x2  
  60  9:13  Cyclone  
  60  9:15  Barracks, Marauder  
  60  9:16  Marine  
  70  9:17  Armory  
  70  9:20  Barracks  
  70  9:21  Marine  
  71  9:28  Starport  
  71  9:29  Marine x2  
  71  9:30  Starport  
  73  9:32  Marine  
  73  9:34  Marine  
  73  9:38  Sensor Tower  
  75  9:45  Cyclone  
  78  9:51  Marine x6  
  70  10:07  Marine x2  
  58  10:09  Marine x6  
  59  10:24  Marine x2  
  60  10:35  SCV  
  60  10:36  SCV  
  60  10:39  Cyclone, Marine  
  60  10:40  Marine x5  
  60  10:42  Marine x2  
  71  10:48  SCV x2  
  75  10:51  Missile Turret  
  75  10:57  Marine x2  
  75  10:58  Orbital Command, Marine x4  
  75  11:00  SCV x2, Marine x2  
  85  11:11  Cyclone, Missile Turret  
  85  11:12  Smart Servos, SCV x2  
  85  11:15  Marine x2  
  92  11:24  SCV  
  93  11:31  Missile Turret  
  93  11:34  Missile Turret  
  93  11:38  Sensor Tower  
  93  11:45  Missile Turret  
  93  11:48  Missile Turret  
  93  11:49  Marauder x2  
  93  11:50  Barracks Reactor, Barracks Tech Lab, Marine x3  
  93  11:51  Marine  
  101  11:55  Missile Turret  
  101  11:57  Missile Turret  
  101  12:01  Refinery  
  101  12:02  Terran Infantry Weapons Level 2, Terran Vehicle And Ship Armor Level 1  
  101  12:05  Missile Turret  
  101  12:08  Engineering Bay  
  101  12:11  Refinery  
  101  12:16  Supply Depot x2  
  101  12:17  Missile Turret, Supply Depot  
  101  12:19  Missile Turret  
  101  12:37  Marine x3, Medivac  
  101  12:38  Marauder x2, Medivac  
  101  12:39  Marine x2  
  101  12:40  Marauder, Marine, Supply Depot  
  101  12:41  Supply Depot  
  101  12:42  Thor  
  101  12:43  Supply Depot  
  123  12:55  Marine x2  
  125  13:01  Marauder x2, Marine, Missile Turret  
  125  13:02  Marauder  
  125  13:04  Supply Depot  
  132  13:06  Supply Depot  
  132  13:07  Medivac  
  132  13:09  Supply Depot  
  136  13:14  Marine x2  
  136  13:18  Terran Infantry Armor Level 2  
  138  13:21  Missile Turret  
  138  13:22  Starport Tech Lab  
  138  13:25  Thor  
  128  14:02  Marine  
  115  14:03  Marine x8  
  108  14:13  Thor  
  103  14:20  Marine x2  
  103  14:21  Marine x7  
  85  14:38  Marine x6  
  82  14:42  Raven  
  82  14:43  Medivac  
  89  14:50  Marine x3  
  88  14:56  Marine x2, Thor  
  79  15:10  Marine x4  
  79  15:11  Marine x3  
  79  15:13  Marine, Medivac  
  82  15:25  Marine  
  82  15:28  Marine x5  
  82  15:29  Marine  
  87  15:39  Thor  
  87  15:41  Marine  
  87  15:42  Marine  
  95  15:43  Marine  
  95  15:46  Marine x6  
  95  15:48  Command Center  
  102  15:59  Marine  
  102  16:00  Marine  
  102  16:01  Marine  
  102  16:03  Marine  
  102  16:04  Marine x5  
  111  16:17  Marine  
  111  16:18  Marine x2  
  113  16:21  Marine x2  
  113  16:22  Marine, Thor  
  123  16:27  Viking  
  123  16:28  Viking  
  127  16:33  Terran Vehicle And Ship Armor Level 2  
  127  16:48  Marine x6  
  103  18:07  Marine x8  
  103  18:08  Marine, Thor  
  118  18:25  Marine x9  
  127  18:36  Thor x2  
  127  18:51  Thor  
  127  18:53  Medivac x2  
  137  19:23  Medivac  
  104  19:34  Thor  
  110  19:39  Marine  
  110  19:40  Marine x8  
  110  19:43  Orbital Command  
  110  19:44  SCV x3  
  122  19:50  Missile Turret x2  
  122  19:51  Missile Turret  
  99  19:56  SCV x3  
  99  19:57  Marine  
  100  20:14  Marine x3  
  100  20:17  Thor  
  109  20:25  Medivac x2  
  109  20:27  Marine  
  109  20:28  Marine  
Show
View Real Time Build Order
Export as new Build Order

Kraynor Zerg 

Build Orders: Hatch First, Muta Ling Bane 

Get SALT Encoding   

  12  0:02  Drone  
  13  0:12  Overlord  
  13  0:23  Drone  
  14  0:31  Drone x2  
  16  0:38  Drone  
  17  0:56  Drone  
  18  1:00  Hatchery  
  17  1:11  Spawning Pool  
  17  1:14  Drone  
  17  1:15  Extractor  
  17  1:18  Drone  
  17  1:24  Drone  
  18  1:28  Overlord  
  18  1:42  Drone  
  19  1:53  Drone  
  20  1:58  Queen  
  22  2:06  Zergling x2  
  23  2:12  Queen  
  25  2:18  Metabolic Boost, Zergling x2  
  26  2:23  Drone x2  
  26  2:28  Drone  
  29  2:38  Drone x2  
  31  2:44  Extractor  
  30  2:52  Zergling x2  
  30  2:53  Zergling x2  
  32  2:58  Queen  
  32  3:01  Spine Crawler  
  32  3:04  Zergling x2  
  32  3:05  Zergling x2  
  29  3:23  Spine Crawler  
  29  3:24  Queen, Zergling x8  
  30  3:28  Spine Crawler  
  30  3:34  Zergling x2  
  30  3:46  Zergling x2  
  29  4:14  Zergling x2  
  29  4:15  Overlord  
  29  4:16  Overlord  
  29  4:30  Zergling x2  
  30  4:32  Zergling x2  
  30  4:34  Zergling x2  
  30  4:44  Zergling x6  
  33  4:46  Zergling x2  
  34  4:54  Hatchery  
  32  5:21  Zergling x6  
  36  5:42  Zergling x2  
  36  5:45  Lair  
  36  5:50  Drone  
  36  5:54  Zergling x6  
  36  5:55  Baneling Nest  
  36  5:56  Drone  
  40  6:08  Hatchery  
  38  6:22  Drone x4  
  42  6:40  Baneling  
  42  6:41  Baneling x3  
  42  6:42  Baneling x7  
  42  6:51  Drone  
  42  6:52  Drone x7  
  50  6:56  Overlord  
  50  7:07  Spire  
  49  7:10  Drone  
  49  7:12  Drone  
  51  7:20  Drone  
  52  7:23  Centrifical Hooks  
  52  7:25  Drone  
  52  7:27  Drone  
  54  7:35  Spore Crawler  
  52  7:58  Overlord  
  49  8:18  Zergling x2  
  49  8:19  Zergling x20  
  51  8:26  Spine Crawler  
  49  8:28  Spine Crawler  
  49  8:32  Spine Crawler  
  44  8:38  Baneling  
  44  8:39  Baneling  
  38  9:03  Drone x3  
  38  9:04  Drone x2  
  38  9:06  Zergling x6  
  46  9:12  Baneling x3  
  46  9:13  Baneling x4  
  46  9:20  Extractor, Queen  
  46  9:21  Extractor  
  46  9:27  Mutalisk, Zergling x6  
  51  9:33  Hatchery  
  49  9:52  Mutalisk x3  
  48  9:59  Mutalisk  
  51  10:01  Overlord  
  51  10:02  Overlord  
  51  10:06  Mutalisk  
  52  10:19  Mutalisk x2  
  56  10:22  Drone x3  
  58  10:43  Overlord  
  58  10:50  Mutalisk  
  58  10:51  Drone x2  
  58  10:52  Drone  
  63  11:03  Queen  
  65  11:05  Mutalisk x2  
  65  11:06  Zergling x2  
  65  11:07  Zergling x4  
  65  11:08  Baneling  
  72  11:12  Extractor  
  72  11:16  Drone  
  72  11:20  Mutalisk  
  74  11:27  Pneumatized Carapace  
  74  11:30  Overseer  
  74  11:36  Overlord x2  
  74  11:43  Extractor  
  73  11:51  Zerg Flyer Armor Level 1  
  73  11:52  Zergling x2  
  74  11:55  Zergling x6  
  74  11:56  Zergling x12  
  83  12:06  Mutalisk x2  
  83  12:07  Mutalisk  
  89  12:13  Drone  
  89  12:14  Overlord  
  90  12:25  Overlord x3  
  89  12:39  Overlord  
  89  12:52  Mutalisk x3  
  89  12:53  Mutalisk  
  89  12:54  Overseer  
  97  13:03  Mutalisk x4  
  105  13:19  Overlord x3  
  105  13:36  Overlord  
  105  13:37  Mutalisk  
  105  13:38  Mutalisk x5  
  105  13:40  Drone  
  105  13:41  Drone x3  
  96  14:26  Mutalisk x3  
  96  14:27  Mutalisk x5  
  102  14:55  Mutalisk x3  
  102  14:56  Mutalisk x2  
  102  14:57  Drone x2, Zergling x2  
  115  15:23  Overseer x2  
  115  15:24  Mutalisk x3  
  121  15:36  Zerg Flyer Armor Level 2  
  121  15:48  Drone  
  121  15:49  Drone x3, Mutalisk x2  
  129  15:50  Hatchery  
  128  16:23  Overlord x2  
  128  16:24  Overlord  
  128  16:39  Mutalisk  
  128  16:40  Mutalisk x4  
  128  16:42  Drone x3  
  141  17:03  Hatchery  
  140  17:11  Hatchery  
  140  17:13  Extractor  
  138  17:17  Extractor, Mutalisk x5  
  138  17:20  Drone  
  138  17:21  Drone  
  149  17:24  Hatchery  
  140  17:39  Hatchery  
  76  17:44  Mutalisk  
  76  17:45  Mutalisk x4  
  82  17:58  Zergling x12  
  88  18:09  Mutalisk  
  88  18:10  Mutalisk x2  
  94  18:16  Zergling x2  
  94  18:18  Zergling x2  
  96  18:24  Zergling x2  
  96  18:25  Zergling x8  
  101  18:34  Zergling x10  
  102  18:36  Baneling  
  102  18:37  Baneling x5  
  102  18:39  Baneling  
  102  18:40  Baneling x7  
  93  18:49  Baneling x8  
  89  18:55  Baneling  
  89  18:56  Baneling x3  
  89  18:57  Mutalisk  
  89  18:58  Mutalisk x6  
  89  18:59  Zergling x2  
  89  19:00  Zergling x6  
  60  19:28  Baneling  
  60  19:29  Baneling x5, Mutalisk  
  60  19:30  Zergling x2  
  60  19:31  Zergling x18  
  28  19:53  Zergling x8  
  28  19:54  Zergling x10  
  24  20:06  Mutalisk x3  
  21  20:19  Baneling x4  
  21  20:21  Baneling x5  
  21  20:22  Baneling  
  21  20:23  Baneling x5  
  19  20:28  Zergling x2  
  19  20:29  Zergling x6  
  23  20:57  Drone x2  
  23  20:58  Drone  
  23  21:00  Zergling x2  
  23  21:01  Hatchery, Zergling x6  
  29  21:10  Hatchery  
Show
View Real Time Build Order
Export as new Build Order

Kaya Protoss 

Build Orders: Carriers 

Get SALT Encoding   

  12  0:00  Probe  
  13  0:12  Probe  
  14  0:17  Pylon  
  14  0:24  Probe  
  15  0:37  Gateway  
  15  0:43  Probe (Chrono Boost)  
  15  0:48  Assimilator  
  16  0:53  Probe (Chrono Boost)  
  16  0:54  Assimilator  
  17  1:14  Probe  
  18  1:26  Probe  
  18  1:28  Cybernetics Core  
  19  1:38  Probe  
  20  1:46  Pylon  
  20  1:50  Probe  
  21  2:02  Probe  
  22  2:14  Probe  
  22  2:15  Pylon  
  22  2:21  Stargate  
  22  2:22  Stalker (Chrono Boost)  
  22  2:23  Stargate  
  22  2:27  Probe  
  25  2:39  Probe  
  26  2:48  Protoss Air Weapons Level 1 (Chrono Boost)  
  26  3:02  Void Ray  
  30  3:13  Stalker (Chrono Boost)  
  32  3:34  Probe  
  32  3:40  Void Ray  
  29  3:46  Probe  
  30  3:58  Probe  
  31  4:08  Void Ray  
  31  4:10  Probe  
  36  4:49  Pylon  
  36  5:02  Nexus  
  36  5:17  Warp Gate (Chrono Boost)  
  36  5:20  Pylon  
  36  5:24  Pylon  
  36  5:27  Pylon  
  36  5:32  Void Ray x2  
  44  5:44  Assimilator  
  44  5:48  Assimilator  
  44  5:56  Probe (Chrono Boost)  
  45  6:06  Probe (Chrono Boost)  
  46  6:13  Probe (Chrono Boost), Fleet Beacon  
  46  6:16  Probe (Chrono Boost)  
  50  6:26  Probe (Chrono Boost)  
  50  6:27  Probe (Chrono Boost)  
  50  6:34  Probe (Chrono Boost)  
  50  6:35  Probe (Chrono Boost)  
  52  6:45  Probe (Chrono Boost)  
  52  6:47  Probe (Chrono Boost)  
  54  6:50  Probe (Chrono Boost)  
  55  6:55  Probe  
  56  7:01  Probe  
  56  7:07  Probe  
  58  7:10  Protoss Air Armor Level 1  
  64  7:16  Carrier (Chrono Boost)  
  64  7:18  Probe  
  65  7:33  Carrier (Chrono Boost)  
  71  7:41  Pylon  
  71  7:48  Pylon  
  71  7:51  Probe  
  71  7:52  Probe  
  73  8:03  Probe, Zealot  
  76  8:24  Carrier (Chrono Boost)  
  83  8:34  Probe x2  
  84  8:46  Probe x2  
  82  8:56  Carrier (Chrono Boost)  
  82  8:58  Probe x2  
  90  9:10  Probe x2  
  92  9:22  Probe x2  
  94  9:36  Pylon  
  94  9:38  Pylon  
  94  9:48  Probe  
  91  9:55  Carrier (Chrono Boost)  
  95  10:19  Carrier (Chrono Boost)  
  97  10:56  Carrier (Chrono Boost)  
  97  11:01  Stargate  
  97  11:02  Stargate  
  103  11:14  Nexus  
  103  11:15  Protoss Air Weapons Level 2 (Chrono Boost)  
  109  11:19  Pylon  
  109  11:22  Pylon  
  109  11:24  Carrier (Chrono Boost)  
  109  11:28  Pylon  
  109  11:32  Pylon  
  109  11:43  Assimilator  
  109  11:46  Tempest x2 (Chrono Boost)  
  109  11:47  Assimilator  
  119  12:21  Carrier  
  125  12:22  Tempest  
  125  12:23  Carrier x2  
  142  12:50  Pylon x2  
  142  13:00  Void Ray  
  146  13:19  Void Ray  
  146  13:21  Void Ray  
  146  13:22  Void Ray  
  134  13:56  Void Ray x2  
  134  13:59  Void Ray x2  
  138  14:39  Tempest x2  
  138  14:41  Tempest  
  153  14:48  Void Ray  
  153  15:16  Void Ray x2  
  153  15:18  Void Ray  
  153  15:21  Nexus  
  153  15:26  Mothership (Chrono Boost)  
  173  15:41  Pylon  
  173  15:42  Pylon  
  173  15:44  Pylon  
  173  15:51  Assimilator  
  173  15:53  Void Ray  
  173  15:55  Assimilator  
  173  15:59  Pylon  
  173  16:03  Robotics Facility  
  177  16:23  Twilight Council  
  177  16:46  Probe (Chrono Boost)  
  179  16:47  Probe (Chrono Boost)  
  179  16:57  Probe (Chrono Boost)  
  180  17:03  Gateway  
  180  17:04  Gateway  
  180  17:06  Gateway x2  
  180  17:08  Gateway  
  180  17:14  Templar Archives  
  36  19:09  Carrier x2  
  60  19:10  Carrier x2  
Tags
 
Add a new tag
Caveats
  • Supply blocks, unpowered buildings, or Contaminate may cause inaccurate times.
  • Supply counts are checked every 10 seconds.